 Dungeon Crawl Stone Soup version 0.32-a0-646-g91cf321817 (webtiles) character file.

Game seed: 17297496165633304996

2392 GeoRichter the Cleaver (level 9, -32/111 HPs)
             Began as a Coglin Berserker on Mar 8, 2024.
             Was an Elder of Trog.
             Annihilated by an orc knight
             ... wielding a +0 glaive
              (33 damage)
             ... in a bailey.
             The game lasted 00:10:08 (4902 turns).

GeoRichter the Cleaver (Coglin Berserker)           Turns: 4902, Time: 00:10:09

Health: -32/111    AC:  8    Str: 19    XL:     9   Next: 46%
Magic:  9/9        EV: 12    Int:  8    God:    Trog [****..]
Gold:   114        SH:  0    Dex: 15    Spells: 8/8 levels left

rFire   . . .        t - +2 hand axe (heavy) {Somchai}
rCold   . . .        F - +0 war axe {Ujjalroop}
rNeg    . . .        o - +0 troll leather armour
rPois   .            s - +2 helmet
rElec   .            E - +0 cloak
rCorr   .            h - +0 pair of gloves
SInv    .            (no boots)
Will    .....        (amulet unavailable) Stlth
                     (ring unavailable)
HPRegen 1.18/turn    (ring unavailable)
MPRegen 0.11/turn    (no gizmo)

%: no passive effects
@: berserking (expiring), revved, very quick
A: off-hand wielding, slow wielding, warmup strikes, no jewellery
a: Invent Gizmo, Renounce Religion, Berserk, Trog's Hand, Brothers in Arms


You were in a bailey.
You worshipped Trog.
Trog was greatly pleased with you.
You visited 1 branch of the dungeon, and saw 7 of its levels.
You also visited: Bailey.

You collected 387 gold pieces.
You spent 273 gold pieces at shops.

Inventory:

Hand Weapons
 a - a +0 hand axe {Raúl}
 p - a +0 hand axe {Dietrich}
   (You found it on level 2 of the Dungeon)
 t - a +2 heavy hand axe (weapon) {Somchai}
   (You took it off an orc on level 4 of the Dungeon)
 F - a +0 war axe (offhand) {Ujjalroop}
   (You took it off an orc in a bailey)
 G - a +0 war axe
   (You took it off an orc in a bailey)
Missiles
 c - 6 javelins
 j - 34 stones (quivered)
 C - 2 throwing nets {!f}
Armour
 f - a +0 scale mail
   (You found it on level 1 of the Dungeon)
 h - a +0 pair of gloves (worn)
   (You found it on level 1 of the Dungeon)
 l - a scarf of resistance
   (You found it on level 2 of the Dungeon)
 o - a +0 troll leather armour (worn)
   (You bought it in a shop on level 7 of the Dungeon)
 s - a +2 helmet (worn)
   (You found it on level 3 of the Dungeon)
 E - a +0 cloak (worn)
   (You bought it in a shop on level 7 of the Dungeon)
Wands
 k - a wand of flame (7)
   (You found it on level 5 of the Dungeon)
 A - a wand of paralysis (5)
   (You found it on level 4 of the Dungeon)
Scrolls
 i - a scroll of immolation {!r}
 m - a scroll of vulnerability {unknown}
 n - a scroll of amnesia
 q - a scroll of silence
 r - a scroll of fear {unknown}
 v - a scroll of noise {!r}
 w - a scroll of poison {!r}
 x - a scroll of enchant weapon
 y - a scroll of fog {unknown}
 z - a scroll of summoning
 D - a scroll of blinking {unknown}
Potions
 b - a potion of berserk rage {unknown}
 d - 6 potions of haste {@q3}
 e - a potion of curing {@q1}
 g - 2 potions of mutation {unknown}
 u - 2 potions of cancellation {unknown}
 B - 2 potions of brilliance {unknown}
 H - a potion of magic {unknown}
 I - a potion of heal wounds {unknown}
 J - a potion of might {unknown}


   Skills:
 + Level 7.9 Fighting
 * Level 10.5 Axes
 - Level 1.7 Armour
 - Level 1.7 Dodging


You had 8 spell levels left.
You didn't know any spells.
Your spell library was empty.

Dungeon Overview and Level Annotations

Branches:
Dungeon (8/15) Zot: 26849  Temple (0/1) D:4          Bailey (1/1) Zot: 5823
   Lair: D:8-11

Altars:

Shops:
D:7 [


Innate Abilities, Weirdness & Mutations

You can wield a second weapon in your off-hand.
It takes a long time for you to wield or remove held weapons.
Your first few attacks do less damage.
You cannot equip rings or amulets.


Message History

You slash the orc with your +2 heavy hand axe!
You kill the orc!
Trog accepts your kill.
You slash the orc with your +2 heavy hand axe!
You kill the orc!
Trog accepts your kill. The orc knight misses you.
You hit the orc knight but do no damage.
The orc knight is heavily wounded.
You slash the orc knight with your +2 heavy hand axe!
You hit the orc knight but do no damage.
The orc knight is severely wounded.
You hit the orc knight with your +0 war axe.
You hit the orc knight with your +0 war axe.
The orc knight is almost dead.
You slash the orc knight with your +2 heavy hand axe!
You feel the power of Trog in you as your rage grows.
You kill the orc knight!
Trog accepts your kill.
The orc knight hits you from afar with a +0 glaive!!
* * * LOW HITPOINT WARNING * * *
An orc knight comes into view. It is wielding a +0 glaive.
The orc knight shouts!
The orc knight misses you.
You slash the orc knight with your +0 war axe!
The orc knight is lightly wounded.
You slash the orc knight with your +2 heavy hand axe!
You slash the orc knight with your +2 heavy hand axe!
The orc knight is heavily wounded.
You slash the orc knight with your +0 war axe!
The orc knight hits you with a +0 glaive!!
* * * LOW HITPOINT WARNING * * *
There is an open gate, spattered with blood here.
You slash the orc knight with your +2 heavy hand axe!
The orc knight is almost dead.
You hit the orc knight but do no damage.
The orc knight hits you with a +0 glaive!
* * * LOW HITPOINT WARNING * * *
You are too berserk!
You closely miss the orc knight with your +2 heavy hand axe.
The orc knight is almost dead.
You hit the orc knight but do no damage.
Unknown command.
You hit the orc knight with your +2 heavy hand axe.
The orc knight is almost dead.
You barely miss the orc knight with your +0 war axe.
The orc knight hits you from afar with a +0 glaive.
* * * LOW HITPOINT WARNING * * *
The orc knight hits you with a +0 glaive!!
You die...

#.......#
##.....##
##'''##
#.....#
#.....#
#.....#
#.))..#
#.).o.#
##'@'##
#.....#
#...o...#
#..#.#..#
#.......#
#.......#
#.......#
##.....##
#'''''#


You could see 2 orc knights.

Vanquished Creatures
  An orc knight (Bailey)
  Grinder (D:3)
  A hornet (D:7)
  5 orc warriors (Bailey)
  2 centaurs
  A phantom (D:4)
  A bullfrog (D:8)
  3 bombardier beetles
  6 orc priests
  A hound (D:4)
  Jessica (D:3)
  3 iguanas
  3 orc wizards (D:4)
  7 gnolls
  7 adders
  A shadow imp (D:5)
  A white imp (D:8)
  2 ufetubi (D:5)
  5 dart slugs
  31 orcs
  5 ball pythons
  9 endoplasms
  2 giant cockroaches
  11 goblins
  9 hobgoblins
  4 jackals (D:5)
  6 quokkas
  8 bats
  3 frilled lizards (D:2)
  8 kobolds
  4 rats
  A spectral goblin (D:1)
153 creatures vanquished.

Notes
Turn   | Place    | Note
-------+----------+-------------------------------------------
     0 | D:1      | GeoRichter the Coglin Berserker began the quest for the
                  | Orb.
     0 | D:1      | Reached XP level 1. HP: 18/18 MP: 1/1
   271 | D:1      | Reached XP level 2. HP: 24/24 MP: 2/2
   390 | D:1      | Found a faded altar of an unknown god.
   810 | D:2      | Reached XP level 3. HP: 28/29 MP: 3/3
  1088 | D:2      | Reached ** piety under Trog
  1221 | D:2      | Reached skill level 4 in Axes
  1583 | D:2      | Reached XP level 4. HP: 37/37 MP: 4/4
  1907 | D:3      | Reached XP level 5. HP: 39/42 MP: 5/5
  2013 | D:3      | Reached skill level 5 in Axes
  2148 | D:3      | Noticed Jessica
  2160 | D:3      | Killed Jessica
  2255 | D:3      | Reached XP level 6. HP: 49/49 MP: 6/6
  2364 | D:3      | Noticed Grinder
  2417 | D:3      | Killed Grinder
  2418 | D:3      | Reached skill level 5 in Fighting
  2418 | D:3      | Reached skill level 6 in Axes
  2418 | D:3      | Reached XP level 7. HP: 56/56 MP: 7/7
  2859 | D:4      | Reached *** piety under Trog
  2887 | D:4      | Reached skill level 7 in Axes
  3096 | D:4      | Found a staircase to the Ecumenical Temple.
  3416 | D:4      | Reached XP level 8. HP: 57/64 MP: 8/8
  3851 | D:5      | Entered Level 5 of the Dungeon
  4040 | D:5      | Reached skill level 8 in Axes
  4456 | D:5      | You fall into a shaft and drop 3 floors!
  4628 | D:7      | Reached **** piety under Trog
  4650 | D:7      | Found Opry's Armour Emporium.
  4657 | D:7      | Bought a +0 troll leather armour for 210 gold pieces
  4657 | D:7      | Bought a +0 cloak for 63 gold pieces
  4690 | D:7      | Noticed a hornet
  4701 | D:7      | Killed a hornet
  4702 | D:7      | Reached skill level 9 in Axes
  4714 | D:7      | Found a flagged portal.
  4730 | Bailey   | Entered a bailey
  4834 | Bailey   | Reached XP level 9. HP: 72/72 MP: 9/9
  4878 | Bailey   | Noticed an orc knight
  4887 | Bailey   | Noticed an orc knight
  4890 | Bailey   | Reached skill level 10 in Axes
  4895 | Bailey   | Killed an orc knight
  4896 | Bailey   | Noticed an orc knight
  4900 | Bailey   | HP: 4/111 [orc knight/+0 glaive (16)]
  4902 | Bailey   | HP: 1/111 [orc knight/+0 glaive (5)]
  4902 | Bailey   | Annihilated by an orc knight

Illustrated notes

Levels and vault maps discovered:
D:1:      wander_arrival_abandoned_jail, layout_basic,
          dreamdust_ecumenical_altar_drowned_temple
D:2:      layout_basic
D:3:      layout_basic, grunt_decor_junction, uniq_grinder, uniq_jessica
D:4:      layout_loops_corners, minmay_temple_entry_stoned_glass,
          grunt_ministairs_7
D:5:      layout_basic, serial_shops, nicolae_lakefront_shop
D:7:      layout_loops_ring, nicolae_dithmenos_shadow_blocks, enter_bailey_3,
          serial_shops, nicolae_shop_behind_doors, guppyfry_shop_venom,
          uniq_maurice, uniq_menkaure
D:8:      layout_rooms, marbit_many_paths
Bailey:   bailey_polearm_5, bailey

Skill      XL: |  1  2  3  4  5  6  7  8  9 |
---------------+----------------------------+-----
Axes           | 4 5 6 7 9 10 | 10.5
Fighting       | 4 5 6 7 |  7.9
Armour         | |  1.7
Dodging        | |  1.7

Action                     |  1- 3 |  4- 6 |  7- 9 || total
---------------------------+-------+-------+-------++-------
  Melee: Hand axe          |   105 |   109 |   279 ||   493
         Dagger            |    90 |       |       ||    90
         War axe           |       |       |    19 ||    19
  Throw: Stone             |       |     1 |     6 ||     7
 Invoke: Berserk           |       |     3 |     2 ||     5
    Use: Scroll            |       |       |    11 ||    11
         Potion            |       |       |     1 ||     1
   Stab: Sleeping          |     1 |       |       ||     1
 Armour: Animal skin       |     7 |       |       ||     7
         Scale mail        |    55 |    37 |   115 ||   207
         Troll leather arm |       |       |    58 ||    58
  Dodge: Dodged            |    67 |    32 |   128 ||   227

Table legend: (Time is in decaauts)
 A = Elapsed time spent in this place.
 B = Non-inter-level travel time spent in this place.
 C = Inter-level travel time spent in this place.
 D = Time resting spent in this place.
 E = Time spent auto-exploring this place.
 F = Levels seen in this place.
 G = Mean time per level.
                   A        B        C        D        E       F      G
               +--------+--------+--------+--------+--------+-----+--------+
         Total |   4963 |   4767 |    196 |    192 |   3413 |   8 |  620.4 |
       Dungeon |   4788 |   4592 |    196 |    170 |   3381 |   7 |  684.0 |
        Bailey |    175 |    175 |      0 |     22 |     32 |   1 |  175.0 |
               +--------+--------+--------+--------+--------+-----+--------+

Top non-repeatable levels by time:
     D:2: 1157 daAuts
     D:4: 1030 daAuts
     D:3: 936 daAuts
     D:1: 767 daAuts
     D:5: 608 daAuts
  Bailey: 175 daAuts
     D:7: 150 daAuts
     D:8: 137 daAuts
